 Dungeon Crawl Stone Soup version 0.30-a0-170-g85af917532 (webtiles) character file.

Game seed: 3097286137739103826

109 qw the Chopper (level 4, -6/28 HPs)
             Began as a Gargoyle Fighter on Oct 1, 2022.
             Killed by divine providence
             ... invoked by an orc priest
              (14 damage)
             ... on level 3 of the Dungeon.
             The game lasted 00:00:51 (2316 turns).

qw the Chopper (Gargoyle Fighter)                   Turns: 2316, Time: 00:00:51

Health: -6/28      AC: 14    Str: 22    XL:     4   Next: 90%
Magic:  4/4        EV: 10    Int:  8    God:
Gold:   96         SH:  4    Dex:  9    Spells: 3/3 levels left

rFire   . . .      SeeInvis .    Y - +0 war axe
rCold   . . .      Faith    .    c - +0 buckler
rNeg    + . .      Spirit   .    n - +3 ring mail
rPois   inf        Reflect  .    (no helmet)
rElec   +          Harm     .    (no cloak)
rCorr   .          Rampage  .    l - +0 pair of gloves
Will    .....                    h - +0 pair of boots
Stlth   ..........               (no amulet)
HPRegen 0.09/turn                (no ring)
MPRegen 0.09/turn                (no ring)

@: no status effects
A: sickness immunity, AC +3, negative energy resistance 1, electricity
resistance, torment resistance 1, petrification resistance
a: no special abilities


You were on level 3 of the Dungeon.
You visited 1 branch of the dungeon, and saw 3 of its levels.

You collected 96 gold pieces.


Innate Abilities, Weirdness & Mutations

You are immune to sickness and miasma.
Your stone body is resilient. (AC +3)
You are immune to poison.
You resist negative energy. (rN+)
You are resistant to electric shocks. (rElec)
You are resistant to unholy torment.
You are immune to petrification.


   Skills:
 - Level 3.2 Fighting
 + Level 4.2 Axes
 - Level 1.0 Throwing
 - Level 3.2 Armour
 - Level 3.2 Shields


You had 3 spell levels left.
You didn't know any spells.
Your spell library was empty.

Inventory:

Hand Weapons
 m - a +0 flail
 Y - a +0 war axe (weapon)
Missiles
 g - 4 javelins (quivered)
Armour
 c - a +0 buckler (worn)
 h - a +0 pair of boots (worn)
 l - a +0 pair of gloves (worn)
 n - a +3 ring mail (worn)
 q - a +0 helmet
Jewellery
 b - an amulet of regeneration
Scrolls
 a - a scroll of identify
 f - 2 scrolls of teleportation
 p - a scroll of fog {unknown}
 r - a scroll of blinking {unknown}
 t - a scroll of torment {unknown}
Potions
 d - a potion of might
 e - a potion of brilliance {unknown}
 i - 2 potions of mutation {unknown}
 j - a potion of cancellation {unknown}
 k - a potion of curing {unknown}
 o - a potion of resistance {unknown}
 s - a potion of degeneration {unknown}
 u - a potion of ambrosia {unknown}

Dungeon Overview and Level Annotations

Branches:
Dungeon (3/15)

Altars:
Makhleb

Shops:
D:2 (

Annotations:
D:3 1 runed translucent door, Crazy Yiuf, Terence


Message History

You hit the orc.
The orc is heavily wounded.
The orc closely misses you.
The orc priest invokes the aid of Beogh against you.
Pain shoots through your body! The orc closely misses you.
The orc priest miscasts a cantrip.
You barely miss the orc.
The orc is heavily wounded.
You hit the orc. The orc closely misses you. The orc misses you.
You barely miss the orc.
The orc is heavily wounded.
You hit the orc priest. You barely miss the orc. The orc misses you.
The orc hits you with a +0 war axe!
The orc priest calls down the wrath of Beogh upon you.
Pain shoots through your body!
You closely miss the orc.
The orc is heavily wounded.
You hit the orc priest. You hit the orc. The orc hits you but does no damage.
The orc completely misses you. The orc priest hits you with a +0 club.
The orc closely misses you. x2
Terence says, "Don't bother to defend, it's pointless."
The orc priest closely misses you.
You hit the orc priest.
The orc priest is severely wounded.
You slash the orc!
You kill the orc!
You hit the orc.
You kill the orc!
The orc priest barely misses you.
The orc priest begins to cast a cantrip, but forgets the words!
You slash the orc priest!
You kill the orc priest!
Your Axes skill increases to level 4!
You slash the orc priest!
The orc priest is almost dead.
The orc priest invokes the aid of Beogh against you.
Beogh smites you!
Ouch! That really hurt!
You die...

#..........##...
+............... .
###.......####.)).
.. #.....)...#
##.)# ...
#.######### #..).
.... #.# ##..)
..... #.# ##)#
......#)# ##)
....@lo@# #)#
#..#.##).# ##)# #
#..# #)## .### #+#
. ))) #. #)))# ..
#).)# ## #####


You could see Terence, an orc priest and a frilled lizard.

Vanquished Creatures
  An orc priest (D:3)
  Robin (D:3)
  4 dart slugs
  2 orcs (D:3)
  4 ball pythons
  5 endoplasms
  3 hobgoblins
  A quokka (D:1)
  6 bats
  3 frilled lizards (D:1)
  14 goblins
  6 kobolds
  6 rats
56 creatures vanquished.

Vanquished Creatures (others)
  4 plants (D:2)
4 creatures vanquished.

Grand Total: 60 creatures vanquished

Notes
Turn   | Place    | Note
-------+----------+-------------------------------------------
     0 | D:1      | qw the Gargoyle Fighter began the quest for the Orb.
     0 | D:1      | Reached XP level 1. HP: 14/14 MP: 1/1
     0 | D:1      | 0 ||| qw: Version: 0.2-a-13-gfc7b4b4
     0 | D:1      | 0 ||| qw: Game counter: 1755
     0 | D:1      | 0 ||| qw: Always use a shield: true
     0 | D:1      | 0 ||| qw: God list: Okawaru
     0 | D:1      | 0 ||| qw: Allow faded altars: false
     0 | D:1      | 0 ||| qw: Do Orc after D:15 true
     0 | D:1      | 0 ||| qw: Do second Lair branch before Depths: true
     0 | D:1      | 0 ||| qw: Lair rune preference: random
     0 | D:1      | 0 ||| qw: Plans: Normal, Zot:1-4, God:TSO, Crypt, Tomb,
                  | Pan, Slime:5, Hells, Abyss, Orb
     0 | D:1      | 0 ||| PLANNING D:1-11
    28 | D:1      | Reached skill level 2 in Axes
   200 | D:1      | 200 ||| DROPPING +0 club.
   279 | D:1      | 279 ||| Stepping ~*~*~tactically~*~*~ (hiding).
   292 | D:1      | Reached XP level 2. HP: 16/19 MP: 2/2
   518 | D:1      | Found a faded altar of an unknown god.
   696 | D:1      | Reached skill level 3 in Axes
   792 | D:1      | Reached XP level 3. HP: 23/23 MP: 3/3
  1132 | D:1      | 1132 ||| DROPPING +0 whip.
  1178 | D:1      | 1178 ||| Stepping ~*~*~tactically~*~*~ (stealth).
  1212 | D:1      | 1212 ||| UPGRADING to +0 pair of boots.
  1217 | D:1      | 1217 ||| UPGRADING to +0 pair of gloves.
  1222 | D:1      | 1222 ||| READING 2 scrolls labelled KOOSOI SIAXA.
  1223 | D:1      | 1223 ||| READING 2 scrolls labelled WAET NUERIY.
  1228 | D:1      | 1228 ||| READING scroll labelled QAEKKA KISTIC.
  1252 | D:2      | 1252 ||| STAIRDANCE
  1697 | D:2      | 1697 ||| Stepping ~*~*~tactically~*~*~ (stealth).
  1699 | D:2      | 1699 ||| Stepping ~*~*~tactically~*~*~ (stealth).
  1710 | D:2      | 1710 ||| Stepping ~*~*~tactically~*~*~ (stealth).
  1711 | D:2      | 1711 ||| Stepping ~*~*~tactically~*~*~ (stealth).
  1712 | D:2      | 1712 ||| Stepping ~*~*~tactically~*~*~ (stealth).
  1712 | D:2      | Found Genew's Antique Weapon Emporium.
  1721 | D:2      | Identified the +6 rapier of Ehew {vorpal, rF+}
  1995 | D:2      | 1995 ||| UPGRADING to +3 ring mail.
  2005 | D:2      | 2005 ||| DROPPING +0 scale mail.
  2029 | D:3      | Noticed Robin
  2033 | D:3      | Reached skill level 1 in Throwing
  2036 | D:3      | Reached XP level 4. HP: 19/28 MP: 4/4
  2039 | D:3      | Killed Robin
  2242 | D:3      | Found a burning altar of Makhleb.
  2242 | D:3      | Noticed a cacodemon
  2274 | D:3      | Found a runed translucent door.
  2275 | D:3      | Noticed Crazy Yiuf
  2306 | D:3      | 2306 ||| Stepping ~*~*~tactically~*~*~ (stealth).
  2308 | D:3      | Noticed Terence
  2316 | D:3      | Reached skill level 4 in Axes
  2316 | D:3      | Killed from afar by an orc priest

Levels and vault maps discovered:
D:1:      lightli_arrival_isolated_outpost, layout_rooms,
          hellmonk_ecumenical_altar_run_dry, grunt_decor_clamped,
          skrybe_limestone_x, minmay_3d_cube
D:2:      layout_rooms, serial_shops, nicolae_shop_overgrown_old_shop
D:3:      layout_basic, makhleb_altar_promises_db, nzn_wu_jian_council_hall,
          nicolae_eternal_life, uniq_robin, uniq_terence,
          uniq_crazy_yiuf_cottage

Skill      XL: |  1  2  3  4 |
---------------+-------------+-----
Axes           | 2 3 4 |  4.2
Throwing       | 1 |  1.0
Fighting       | |  3.2
Armour         | |  3.2
Shields        | |  3.2

Action                   |  1- 3 |  4- 6 || total
-------------------------+-------+-------++-------
Melee: War axe           |   113 |    14 ||   127
Throw: Javelin           |     4 |     1 ||     5
  Use: Scroll            |     3 |       ||     3
Armor: Scale mail        |    45 |       ||    45
       Ring mail         |     4 |     5 ||     9
Dodge: Dodged            |    55 |    12 ||    67
Block: Buckler           |    12 |     1 ||    13

Table legend:
 A = Non-vault XP
 B = Vault XP
 C = Vault XP percentage of total XP
 D = Non-vault monster count
 E = Vault monster count
 F = Vault count percentage of total count
                 A         B        C        D         E       F
            +---------+---------+-------+---------+---------+-------
      Total |     119 |      38 |  24.2 |      42 |      14 |  25.0
            +---------+---------+-------+---------+---------+-------
        D:1 |      45 |       4 |   8.2 |      28 |       3 |   9.7
        D:2 |      21 |       0 |   0.0 |      10 |       0 |   0.0
        D:3 |      53 |      34 |  39.1 |       4 |      11 |  73.3
            +---------+---------+-------+---------+---------+-------
